 Dungeon Crawl Stone Soup version 0.28-a0-823-gb444dcf96d (webtiles) character file.

Game seed: 11839777156947490928

65 snetch the Chopper (level 3, -2/51 HPs)
             Began as a Minotaur Berserker on Nov 10, 2021.
             Was a Believer of Trog.
             Slain by a gnoll sergeant (9 damage)
             ... on level 6 of the Dungeon.
             The game lasted 00:03:31 (1276 turns).

snetch the Chopper (Minotaur Berserker)             Turns: 1276, Time: 00:03:32

Health: -2/51      AC:  8    Str: 22    XL:     3   Next: 94%
Magic:  2/2        EV:  8    Int:  4    God:    Trog [**....]
Gold:   32         SH:  0    Dex:  9    Spells: 2/2 levels left

rFire   . . .      SeeInvis .   a - +0 hand axe
rCold   . . .      Faith    .   (no shield)
rNeg    . . .      Spirit   .   g - +0 chain mail
rPois   .          Reflect  .   (helmet restricted)
rElec   .          Harm     .   (no cloak)
rCorr   .          Rampage  .   (no gloves)
Will    ++...                   (no boots)
Stlth   ..........              (no amulet)
HPRegen 1.17/turn               (no ring)
MPRegen 0.08/turn               (no ring)

@: berserking (expiring), strong-willed, regenerating, very quick
A: horns 2, retaliatory headbutt
a: Renounce Religion, Berserk, Trog's Hand


You were on level 6 of the Dungeon.
You worshipped Trog.
Trog was pleased with you.
You visited 1 branch of the dungeon, and saw 4 of its levels.

You collected 32 gold pieces.

Inventory:

Hand Weapons
 a - a +0 hand axe (weapon)
Missiles
 d - 24 arrows
 e - 60 stones (quivered)
Armour
 g - a +0 chain mail (worn)
Potions
 c - 3 potions of flight {unknown}
 f - 2 potions of mutation {unknown}


   Skills:
 + Level 4.4 Fighting
 + Level 4.8 Axes
 + Level 2.7 Armour
 + Level 2.4 Dodging
 + Level 0.5 Stealth


You had 2 spell levels left.
You didn't know any spells.
Your spell library was empty.

Dungeon Overview and Level Annotations

Branches:
Dungeon (3/15)

Altars:

Shops:
D:1 [


Innate Abilities, Weirdness & Mutations

You have a pair of horns on your head.
You reflexively headbutt those who attack you in melee.


Message History

The gnoll is severely wounded.
You hit the gnoll. You completely miss the iguana. You slash the gnoll!
You kill the gnoll!
Trog accepts your kill. The gnoll barely misses you.
The iguana hisses menacingly.
The iguana barely misses you. The gnoll hits you but does no damage.
The gnoll sergeant hits you but does no damage.
You see here a +0 halberd.
You slash the gnoll sergeant!
The gnoll sergeant is moderately wounded.
You barely miss the gnoll. The gnoll hits you with a +0 flail!
The gnoll misses you.
The gnoll sergeant hits you with a +3 spear.
You barely miss the gnoll sergeant.
The gnoll sergeant is moderately wounded.
You hit the iguana. You slash the gnoll!
You kill the gnoll!
Trog accepts your kill.
The gnoll hits you from afar with a +0 spear.
* * * LOW HITPOINT WARNING * * *
The iguana bites you but does no damage.
The gnoll sergeant hits you with a +3 spear!
* * * LOW HITPOINT WARNING * * *
You slash the gnoll sergeant!
The gnoll sergeant is heavily wounded.
You closely miss the iguana. The gnoll hits you but does no damage.
The iguana closely misses you.
You closely miss the gnoll sergeant.
Your headbutt misses the gnoll sergeant.
The gnoll sergeant is heavily wounded.
You hit the iguana. The gnoll sergeant misses you.
You slash the gnoll sergeant!
The gnoll sergeant is almost dead.
You completely miss the iguana.
A scorpion comes into view.
The gnoll barely misses you. The iguana bites you.
* * * LOW HITPOINT WARNING * * *
The gnoll sergeant hits you with a +3 spear!
You die...

######
#######...##
##...###...###
##...?###...###
##..#..##.....##
#..##.g#)g.#...#
#.Z###.l@.###...
#..###....###..s
#..####...###...
....#########
### #...# #..#
###


You could see a gnoll sergeant, a scorpion (wandering), an iguana, a gnoll and a
howler monkey zombie.

Vanquished Creatures
  3 gnolls
  2 dart slugs (D:1)
  A ball python (D:1)
  3 endoplasms
  4 hobgoblins
  A kobold (D:3)
  A quokka (D:3)
  4 bats
  2 frilled lizards
  7 goblins
  2 rats
30 creatures vanquished.

Vanquished Creatures (others)
  10 withered plants (D:1)
10 creatures vanquished.

Grand Total: 40 creatures vanquished

Notes
Turn   | Place    | Note
-------+----------+-------------------------------------------
     0 | D:1      | snetch the Minotaur Berserker began the quest for the Orb.
     0 | D:1      | Reached XP level 1. HP: 19/19 MP: 0/0
   166 | D:1      | Reached XP level 2. HP: 8/27 MP: 1/1
   579 | D:1      | Found a faded altar of an unknown god.
   669 | D:1      | Found Saacse Rei's Antique Armour Shop.
   714 | D:1      | Reached XP level 3. HP: 24/33 MP: 2/2
   913 | D:1      | Reached ** piety under Trog
  1235 | D:2      | You fall into a shaft and drop 1 floor!
  1260 | D:3      | You fall into a shaft and drop 3 floors!
  1260 | D:6      | Noticed a gnoll sergeant
  1276 | D:6      | Noticed a scorpion
  1276 | D:6      | Slain by a gnoll sergeant

Illustrated notes

Levels and vault maps discovered:
D:1:      lightli_arrival_noodles, layout_loops_ring,
          ebering_ecumenical_altar_petrified, serial_shops, shop, minivault_14
D:2:      layout_rooms, serial_curves, eino_curves_04, eino_curves_02,
          eino_curves_04, nicolae_underground_beach
D:3:      layout_basic, fountainhead, roderic_roman_lattice, minmay_unequal,
          uniq_sigmund, uniq_terence, uniq_pargi
D:6:      layout_loops_ring, minitemple, serial_shops, shop_fountains,
          hangedman_glass_teeth, uniq_blork_the_orc, uniq_eustachio,
          uniq_menkaure

Skill      XL: |  1  2 |
---------------+-------+-----
Axes           | 4 |  4.8
Fighting       | 4 |  4.4
Armour         | |  2.7
Dodging        | |  2.4
Stealth        | |  0.5

Action                   || total
-------------------------++-------
Melee: Hand axe          ||    70
       Headbutt          ||     9
Throw: Stone             ||     6
Invok: Berserk           ||     1
       Trog's Hand       ||     1
 Stab: Sleeping          ||     1
Armor: Animal skin       ||     9
       Chain mail        ||     9
Dodge: Dodged            ||    60

Table legend: (Time is in decaauts)
 A = Elapsed time spent in this place.
 B = Non-inter-level travel time spent in this place.
 C = Inter-level travel time spent in this place.
 D = Time resting spent in this place.
 E = Time spent auto-exploring this place.
 F = Levels seen in this place.
 G = Mean time per level.
                   A        B        C        D        E       F      G
               +--------+--------+--------+--------+--------+-----+--------+
         Total |   1287 |   1258 |     29 |      0 |    897 |   4 |  321.8 |
       Dungeon |   1287 |   1258 |     29 |      0 |    897 |   4 |  321.8 |
               +--------+--------+--------+--------+--------+-----+--------+

Top non-repeatable levels by time:
     D:1: 1071 daAuts
     D:2: 152 daAuts
     D:3: 49 daAuts
     D:6: 13 daAuts
